[ AOE2 MATCH · #477556239 ]
1v1 RMFranks vs Tupi
Player's team · WIN
Rival team · LOSS
[ REPLAY ANALYSIS · EXTRACTED FROM THE RECORDED GAME ]
Feudal
9:19
Castle
—
Imperial
—
| APM avg | 60.1 |
| APM peak | 91 |
| eAPM avg | 20.3 |
| Villagers / military | 37 / 16 |
Focus
⚔️ 37.6% · 🌾 62.4%
Skirmisher ×8 · Scout Cavalry ×8
Feudal
9:15
Castle
—
Imperial
—
| APM avg | 62.4 |
| APM peak | 105 |
| eAPM avg | 25.1 |
| Villagers / military | 47 / 8 |
Focus
⚔️ 27.0% · 🌾 73.0%
Unknown (2550) ×15 · Spearman ×7 · Archer ×1
Match map
Initial resources + every placement click. Lines = walls · curves = elevation contours. ◆ gold · ⬟ stone · ● berries · ✦ relic · ◌ wall gap
Your base· Open — unwalled flank
DS_Maulet's base· Open — unwalled flank
Smoothed initial terrain · ◌ = detected wall gap · hover for details
Inputs per minute
— DK_Timer - - DS_Maulet
Build order — DK_Timer
102 actions detected in the replay
| 0:00 | Create | Villager (Male) |
| 0:00 | Create | Villager (Male) |
| 0:01 | Create | Villager (Male) |
| 0:02 | Build | House |
| 0:03 | Build | House |
| 0:08 | Create | Villager (Male) |
| 1:31 | Create | Villager (Male) |
| 1:53 | Build | Lumber Camp |
| 1:58 | Create | Villager (Male) |
| 1:58 | Create | Villager (Male) |
| 2:13 | Create | Villager (Male) |
| 2:44 | Create | Villager (Male) |
| 2:59 | Create | Villager (Male) |
| 3:25 | Build | House |
| 3:46 | Create | Villager (Male) |
| 4:00 | Build | Mill |
| 4:06 | Create | Villager (Male) |
| 4:30 | Create | Villager (Male) |
| 4:57 | Create | Villager (Male) |
| 4:57 | Create | Villager (Male) |
| 5:10 | Create | Villager (Male) |
| 5:28 | Create | Villager (Male) |
| 5:28 | Create | Villager (Male) |
| 6:37 | Research | Loom |
| 7:09 | Research | Feudal Age |
| 7:39 | Build | House |
| 8:10 | Build | Barracks |
| 8:31 | Build | Palisade Wall |
| 9:18 | Create | Villager (Male) |
| 9:19 | Age | Feudal Age |
| 9:22 | Research | Double-Bit Axe |
| 9:25 | Build | Stable |
| 9:36 | Create | Villager (Male) |
| 9:40 | Build | Farm |
| 9:50 | Build | House |
| 10:04 | Create | Villager (Male) |
| 10:10 | Create | Scout Cavalry |
| 10:10 | Create | Scout Cavalry |
| 10:24 | Create | Villager (Male) |
| 10:26 | Create | Scout Cavalry |
| 10:45 | Build | House |
| 10:46 | Create | Scout Cavalry |
| 10:50 | Build | Archery Range |
| 11:01 | Create | Villager (Male) |
| 11:10 | Build | House |
| 11:11 | Build | Palisade Wall |
| 11:13 | Build | Palisade Wall |
| 11:16 | Build | Palisade Wall |
| 11:24 | Create | Scout Cavalry |
| 11:39 | Create | Scout Cavalry |
| 12:09 | Create | Villager (Male) |
| 12:13 | Build | Farm |
| 12:13 | Build | Farm |
| 12:15 | Build | Farm |
| 12:32 | Create | Skirmisher |
| 12:34 | Build | House |
| 13:12 | Create | Villager (Male) |
| 13:14 | Create | Skirmisher |
| 13:16 | Build | House |
| 13:20 | Create | Scout Cavalry |
| 13:33 | Build | Lumber Camp |
| 13:39 | Create | Skirmisher |
| 13:47 | Create | Villager (Male) |
| 13:55 | Build | House |
| 14:13 | Create | Skirmisher |
| 14:25 | Create | Scout Cavalry |
| 14:26 | Create | Villager (Male) |
| 14:30 | Build | Blacksmith |
| 14:35 | Create | Skirmisher |
| 14:47 | Build | Farm |
| 14:48 | Create | Villager (Male) |
| 14:48 | Create | Villager (Male) |
| 15:02 | Create | Villager (Male) |
| 15:05 | Build | Farm |
| 15:45 | Create | Villager (Male) |
| 15:53 | Build | House |
| 16:02 | Build | Mining Camp |
| 16:07 | Build | Farm |
| 16:09 | Build | Farm |
| 16:13 | Create | Skirmisher |
| 16:13 | Create | Skirmisher |
| 16:18 | Build | Farm |
| 16:20 | Build | Farm |
| 16:23 | Create | Villager (Male) |
| 16:43 | Research | Fletching |
| 16:47 | Build | House |
| 16:56 | Create | Villager (Male) |
| 16:59 | Create | Skirmisher |
| 17:02 | Build | Farm |
| 17:12 | Build | Farm |
| 17:17 | Build | Palisade Wall |
| 17:30 | Create | Villager (Male) |
| 17:56 | Create | Villager (Male) |
| 17:58 | Build | Farm |
| 18:00 | Build | Farm |
| 18:16 | Create | Villager (Male) |
| 18:23 | Build | Farm |
| 18:26 | Build | Farm |
| 18:29 | Build | Farm |
| 18:31 | Build | Farm |
| 19:03 | Create | Villager (Male) |
| 19:11 | Build | Farm |
Build order — DS_Maulet
123 actions detected in the replay
| 0:00 | Create | Villager (Male) |
| 0:00 | Create | Villager (Male) |
| 0:00 | Create | Villager (Male) |
| 0:01 | Create | Villager (Male) |
| 0:01 | Create | Villager (Male) |
| 0:02 | Build | House |
| 0:04 | Build | House |
| 1:14 | Create | Villager (Male) |
| 1:15 | Create | Villager (Male) |
| 1:27 | Create | Villager (Male) |
| 1:51 | Build | Settlement |
| 2:02 | Create | Villager (Male) |
| 2:15 | Create | Villager (Male) |
| 2:15 | Create | Villager (Male) |
| 2:50 | Create | Villager (Male) |
| 3:11 | Create | Villager (Male) |
| 3:30 | Create | Villager (Male) |
| 4:01 | Create | Villager (Male) |
| 4:03 | Create | Villager (Male) |
| 4:41 | Create | Villager (Male) |
| 5:09 | Build | Barracks |
| 5:32 | Create | Villager (Male) |
| 5:32 | Create | Villager (Male) |
| 5:33 | Research | Loom |
| 6:48 | Build | Settlement |
| 6:52 | Research | Feudal Age |
| 7:13 | Create | Unit 2550 |
| 7:29 | Create | Unit 2550 |
| 7:50 | Create | Unit 2550 |
| 8:27 | Create | Villager (Male) |
| 8:56 | Build | House |
| 9:15 | Age | Feudal Age |
| 9:17 | Research | Tech 1402 |
| 9:20 | Research | Double-Bit Axe |
| 9:24 | Create | Villager (Male) |
| 9:37 | Build | Settlement |
| 9:38 | Create | Villager (Male) |
| 9:46 | Create | Spearman |
| 10:10 | Build | Farm |
| 10:18 | Create | Villager (Male) |
| 10:29 | Create | Villager (Male) |
| 10:31 | Build | Farm |
| 10:53 | Create | Spearman |
| 10:59 | Create | Unit 2550 |
| 11:02 | Build | Farm |
| 11:04 | Build | Farm |
| 11:07 | Build | Farm |
| 11:09 | Create | Villager (Male) |
| 11:17 | Create | Villager (Male) |
| 11:36 | Create | Unit 2550 |
| 11:40 | Build | Farm |
| 11:49 | Create | Spearman |
| 11:53 | Create | Villager (Male) |
| 11:58 | Build | Farm |
| 12:02 | Build | House |
| 12:03 | Build | Palisade Wall |
| 12:16 | Create | Villager (Male) |
| 12:21 | Create | Unit 2550 |
| 12:31 | Create | Spearman |
| 12:59 | Create | Villager (Male) |
| 13:09 | Create | Unit 2550 |
| 13:10 | Create | Villager (Male) |
| 13:15 | Create | Villager (Male) |
| 13:29 | Create | Villager (Male) |
| 13:32 | Build | Archery Range |
| 13:38 | Build | House |
| 13:39 | Build | Palisade Wall |
| 13:45 | Build | Farm |
| 13:52 | Create | Villager (Male) |
| 13:55 | Build | Farm |
| 14:01 | Create | Villager (Male) |
| 14:09 | Create | Spearman |
| 14:16 | Build | House |
| 14:20 | Build | Farm |
| 14:21 | Build | Farm |
| 14:35 | Create | Villager (Male) |
| 14:42 | Create | Archer |
| 14:46 | Build | House |
| 14:51 | Build | House |
| 14:52 | Build | Palisade Wall |
| 14:52 | Build | Palisade Wall |
| 14:54 | Create | Villager (Male) |
| 15:00 | Create | Spearman |
| 15:03 | Build | Palisade Wall |
| 15:09 | Create | Unit 2550 |
| 15:27 | Create | Villager (Male) |
| 15:30 | Build | Barracks |
| 15:45 | Create | Villager (Male) |
| 15:47 | Build | Palisade Wall |
| 15:54 | Build | House |
| 15:56 | Build | Palisade Wall |
| 15:58 | Create | Villager (Male) |
| 16:00 | Build | House |
| 16:02 | Build | House |
| 16:04 | Create | Villager (Male) |
| 16:10 | Build | Farm |
| 16:10 | Build | Farm |
| 16:10 | Build | Farm |
| 16:10 | Build | Farm |
| 16:12 | Create | Spearman |
| 16:26 | Create | Unit 2550 |
| 16:35 | Create | Villager (Male) |
| 16:38 | Create | Unit 2550 |
| 16:53 | Create | Unit 2550 |
| 17:11 | Build | Stone Wall |
| 17:14 | Build | Stone Wall |
| 17:18 | Build | Stone Wall |
| 17:19 | Create | Villager (Male) |
| 17:26 | Build | Blacksmith |
| 17:46 | Build | House |
| 17:53 | Build | Palisade Wall |
| 17:54 | Build | Palisade Wall |
| 17:54 | Create | Villager (Male) |
| 18:00 | Create | Unit 2550 |
| 18:08 | Research | Scale Mail Armor |
| 18:12 | Create | Unit 2550 |
| 18:16 | Create | Villager (Male) |
| 18:20 | Create | Villager (Male) |
| 18:32 | Create | Unit 2550 |
| 18:50 | Research | Forging |
| 18:55 | Create | Villager (Male) |
| 18:59 | Create | Unit 2550 |
| 19:08 | Create | Villager (Male) |
Match timeline
| 5:09 | DS_Maulet · first_building Barracks |
| 8:10 | DK_Timer · first_building Barracks |
| 8:31 | DK_Timer · wall_segment Palisade Wall x1 |
| 9:15 | DS_Maulet · age_up feudal |
| 9:19 | DK_Timer · age_up feudal |
| 9:25 | DK_Timer · first_building Stable |
| 10:50 | DK_Timer · first_building Archery Range |
| 11:11 | DK_Timer · wall_segment Palisade Wall x1 |
| 11:13 | DK_Timer · wall_segment Palisade Wall x1 |
| 11:16 | DK_Timer · wall_segment Palisade Wall x1 |
| 12:03 | DS_Maulet · wall_segment Palisade Wall x1 |
| 13:32 | DS_Maulet · first_building Archery Range |
| 13:39 | DS_Maulet · wall_segment Palisade Wall x4 |
| 14:52 | DS_Maulet · wall_segment Palisade Wall x1 |
| 14:52 | DS_Maulet · wall_segment Palisade Wall x1 |
| 15:03 | DS_Maulet · wall_segment Palisade Wall x3 |
| 15:47 | DS_Maulet · wall_segment Palisade Wall x1 |
| 15:56 | DS_Maulet · wall_segment Palisade Wall x1 |
| 17:11 | DS_Maulet · wall_segment Stone Wall x1 |
| 17:14 | DS_Maulet · wall_segment Stone Wall x1 |
| 17:17 | DK_Timer · wall_segment Palisade Wall x10 |
| 17:18 | DS_Maulet · wall_segment Stone Wall x1 |
| 17:53 | DS_Maulet · wall_segment Palisade Wall x1 |
| 17:54 | DS_Maulet · wall_segment Palisade Wall x1 |
| 19:19 | DS_Maulet · resign |
[ AI ANALYSIS · 1 CREDIT ]
What really happened in this match?
Wolo.gg analyzes every decision: build order, eco, micro, common mistakes by bracket. Personalized analysis on WhatsApp or Discord in 30 seconds.
Civ guide
Franks
Map guide
Arabia
Perfil
Jugador #9737913